 Dungeon Crawl Stone Soup version 0.19-a0-811-gf4045fb (webtiles) character file.

15238 Ordine the Covert (level 12, -2/85 HPs)
             Began as an Octopode Monk on June 28, 2016.
             Was a High Priest of Cheibriados.
             Slain by a five-headed hydra (16 damage)
             ... on level 2 of the Lair of Beasts.
             The game lasted 00:50:36 (12390 turns).

Ordine the Covert (Octopode Monk)                  Turns: 12390, Time: 00:50:36

Health: -2/85      AC:  2    Str: 27    XL:     12   Next: 24%
Magic:  16/16      EV: 22    Int: 32    God:    Cheibriados [*****.]
Gold:   587        SH:  9    Dex: 27    Spells: 0 memorised, 11 levels left

rFire  + . .     SeeInvis .       - Unarmed
rCold  + . .     Gourm    .     e - +2 buckler of Filth {Regen+ Int+3}
rNeg   . . .     Faith    .     l - +1 hat
rPois  +         Spirit   .     (no amulet)
rElec  .         Dismiss  .     u - ring of protection from fire
rCorr  .         Reflect  .     y - ring of poison resistance
SustAt .         Harm     .     v - +2 ring of strength
MR     .....                    F - ring of protection from cold
Stlth  ++++++++..               (no ring)
                                (no ring)
                                (no ring)
                                (no ring)

@: studying Stealth, very slow, not resistant to hostile enchantments,
extraordinarily stealthy
A: almost no armour, amphibious, 8 rings, constrict 8, camouflage 1, low mp 1,
gelatinous body 1, evolution 1
a: Bend Time, Temporal Distortion, Slouch, Step From Time, Renounce Religion


You were on level 2 of the Lair of Beasts.
You worshipped Cheibriados.
Cheibriados was extremely pleased with you.
You were not hungry.

You visited 3 branches of the dungeon, and saw 14 of its levels.

You collected 719 gold pieces.
You spent 132 gold pieces at shops.

Inventory:

Missiles
 b - 159 stones (quivered)
Armour
 e - the +2 buckler of Filth (worn) {Regen+ Int+3}
   (You found it on level 5 of the Dungeon)

   It affects your intelligence (+3).
   It increases your rate of regeneration.
 l - a +1 hat (worn)
Rods
 D - a +5 rod of shadows (16/16)
   (You found it on level 11 of the Dungeon)
Jewellery
 u - a ring of protection from fire (left tentacle)
 v - a +2 ring of strength (on tentacle)
 y - a ring of poison resistance (right tentacle)
 F - a ring of protection from cold (on tentacle)
Wands
 k - a wand of lightning (8/15)
 p - a wand of iceblast (10/15)
 t - a wand of digging (5/24)
 B - a wand of acid (8/15)
 C - a wand of flame (19/48)
Scrolls
 i - 3 scrolls of immolation
 n - a scroll of magic mapping
 r - a scroll of fog
 x - a scroll of remove curse
 A - a scroll of teleportation
Potions
 g - a potion of agility
 h - 2 potions of magic
 q - a potion of flight
 s - a potion of curing
Books
 m - a manual of Stealth
 z - a Young Poisoner's Handbook

   Spells                             Type                      Level
   a - Sting                          Conjuration/Poison           1
   b - Mephitic Cloud                 Conjuration/Poison/Air       3
   c - Olgreb's Toxic Radiance        Poison                       4
   d - Alistair's Intoxication        Transmutation/Poison         5
   e - Venom Bolt                     Conjuration/Poison           5
Miscellaneous
 j - a box of beasts
Comestibles
 a - 6 bread rations
 c - 5 beef jerkies
 d - 28 fruits
 f - 5 meat rations
 w - 4 slices of pizza
 E - a chunk of flesh


   Skills:
 + Level 9.0 Fighting
 + Level 8.9 Dodging
 + Level 11.9 Stealth
 - Level 7.0 Shields
 - Level 10.0 Unarmed Combat
 * Level 8.2 Invocations


You had 11 spell levels left.
You didn't know any spells.

Dungeon Overview and Level Annotations

Branches:
Dungeon (11/15)            Temple (1/1) D:7            Lair (2/6) D:10
    Orc (0/2) D:10
  Swamp: Lair:2-4    Shoals: Lair:2-4     Snake: Lair:2-4    Spider: Lair:2-4

Altars:
Ashenzari
Cheibriados
Dithmenos
Elyvilon
Fedhas
Gozag
Hepliaklqana
Kikubaaqudgha
Makhleb
Nemelex Xobeh
Okawaru
Pakellas
Qazlal
Ru
Sif Muna
Trog
Uskayaw
Vehumet
Xom
Yredelemnul
Zin
The Shining One

Shops:
D:4 [   D:5 (   D:8 (

Annotations:
D:10 exclusion: door
Lair:2 Erica


Innate Abilities, Weirdness & Mutations

You cannot wear most types of armour.
You are amphibious.
You can wear up to eight rings at the same time.
You can use your tentacles to constrict eight enemies at once.
Your skin changes colour to match your surroundings (Stealth+).
Your rubbery body absorbs attacks. (AC +1)
Your magical capacity is low. (-10% MP)
You evolve.


Message History

The five-headed hydra barely misses you.
You block the five-headed hydra's attack.
The five-headed hydra bites you! The river rat misses you.
The river rat completely misses you.
You bludgeon the five-headed hydra!
You tentacle-slap the five-headed hydra!
The five-headed hydra is almost dead.
The five-headed hydra barely misses you. x2
You block the five-headed hydra's attack.
The five-headed hydra closely misses you.
The five-headed hydra barely misses you.
You tentacle-slap the five-headed hydra.
You squeeze the five-headed hydra!
The five-headed hydra is almost dead.
The river rat barely misses you. The five-headed hydra bites you!
* * * LOW HITPOINT WARNING * * *
The five-headed hydra bites you.
* * * LOW HITPOINT WARNING * * *
The five-headed hydra bites you!
You die...

..............................
..........#...........##......
(...r.........................
......................##....[.
r....................#.#P.#...
.......#...r..................
#....##.r#..#..##...#...รท..
....#.#####rDrr.#...#...#^....
. # #.#@r.#..#.....#..#.
###.............###.
#...#.......PP..##.
.......#.#.....##P.....
..##...#......######.#.
#.........## ###
###........######
#..........(#.##P.
...................


You could see a five-headed hydra, a porcupine and 5 river rats.

Vanquished Creatures
  Fannar (D:11)
  A hydra (Lair:1)
  The ghost of Herrn the Destroyer, a novice NaWz of Okawaru (D:9)
  An ugly thing (D:11)
  A wolf spider (D:10)
  A deep elf mage (D:11)
  A griffon (Lair:2)
  A black mamba (Lair:1)
  2 spiny frogs (Lair:2)
  A rime drake (Lair:1)
  2 trolls (D:11)
  3 two-headed ogres
  4 blink frogs (Lair:1)
  A wraith (D:10)
  Sigmund (D:3)
  A basilisk (Lair:1)
  9 yaks
  A hungry ghost (D:8)
  2 hippogriffs
  A soldier ant (D:11)
  6 water moccasins
  4 porcupines
  2 orc warriors
  2 sky beasts (D:6)
  An ice beast (D:11)
  A wasp (D:7)
  3 centaurs
  An ogre (D:8)
  3 crocodiles
  5 big kobolds
  A gnoll sergeant (D:6)
  17 giant frogs
  A wyvern skeleton (D:9)
  2 scorpions
  A water moccasin skeleton (D:7)
  7 howler monkeys
  5 crimson imps
  5 giant frog zombies
  A quasit (D:6)
  3 jellies
  7 hounds
  3 orc priests
  Crazy Yiuf (D:6)
  13 orc wizards
  2 centaur skeletons (D:11)
  Natasha (thrice) (D:2 D:4)
  8 iguanas
  7 worker ants
  5 sheep (Lair:2)
  3 killer bee zombies
  3 hound zombies
  3 gnolls (D:6)
  2 howler monkey skeletons
  7 adders
  8 river rats
  3 shadow imps
  An ooze (D:4)
  3 worms
  A dart slug (D:1)
  5 giant geckos
  24 orcs
  4 giant cockroaches
  4 goblins
  6 hobgoblins
  11 jackals
  27 kobolds
  7 quokkas
  A ball python (D:3)
  7 bats
  A giant gecko skeleton (D:4)
  3 giant newts
  A jackal skeleton (D:5)
  14 rats
  A fungus (D:10)
306 creatures vanquished.

Vanquished Creatures (collateral kills)
  The ghost of KuKumber the Bludgeoner, a novice OgBe of Trog (Lair:1)
1 creature vanquished.

Vanquished Creatures (others)
  A fungus (Lair:2)
  A plant (Lair:2)
2 creatures vanquished.

Grand Total: 309 creatures vanquished

Notes
Turn   | Place    | Note
--------------------------------------------------------------
     0 | D:1      | Ordine the Octopode Monk began the quest for the Orb.
     0 | D:1      | Reached XP level 1. HP: 16/16 MP: 1/1
   106 | D:1      | Reached XP level 2. HP: 16/21 MP: 2/2
   397 | D:1      | Reached skill level 3 in Stealth
   745 | D:2      | Reached XP level 3. HP: 26/26 MP: 3/3
  1190 | D:2      | Noticed Natasha
  1200 | D:2      | Killed Natasha
  1200 | D:2      | Reached XP level 4. HP: 16/31 MP: 4/4
  1527 | D:2      | Noticed Natasha
  1533 | D:2      | Killed Natasha
  1940 | D:3      | Reached XP level 5. HP: 37/37 MP: 5/5
  2083 | D:3      | Noticed Sigmund
  2089 | D:3      | Gained mutation: You occasionally shout uncontrollably at your foes. [potion of mutation]
  2089 | D:3      | Gained mutation: You evolve. [potion of mutation]
  2093 | D:3      | Killed Sigmund
  2093 | D:3      | Reached skill level 4 in Stealth
  2093 | D:3      | Reached XP level 6. HP: 43/43 MP: 6/6
  2209 | D:3      | Gained mutation: Your magical capacity is low. (-10% MP) [evolution]
  2577 | D:4      | Reached skill level 5 in Unarmed Combat
  2720 | D:4      | Noticed Natasha
  2724 | D:4      | Found Joitzuas's Armour Shop.
  2732 | D:4      | Killed Natasha
  2954 | D:4      | Reached XP level 7. HP: 43/49 MP: 6/6
  3319 | D:4      | Reached skill level 5 in Stealth
  3821 | D:5      | Entered Level 5 of the Dungeon
  3860 | D:5      | Got a fine buckler
  4050 | D:5      | Identified the +2 buckler of Filth {Regen+ Int+3} (You found it on level 5 of the Dungeon)
  4130 | D:5      | Found a hide-covered altar of Uskayaw.
  4245 | D:5      | Reached skill level 1 in Shields
  4266 | D:5      | Found Girust's Antique Weapon Emporium.
  4501 | D:5      | Reached XP level 8. HP: 54/54 MP: 7/7
  4516 | D:4      | Bought a +1 hat for 132 gold pieces
  4940 | D:6      | Reached skill level 5 in Shields
  5047 | D:6      | Got a warped hand axe {freeze}
  5148 | D:6      | Reached skill level 5 in Dodging
  5276 | D:6      | Reached skill level 5 in Fighting
  5306 | D:6      | Reached skill level 6 in Stealth
  5385 | D:6      | Reached XP level 9. HP: 52/61 MP: 8/8
  5422 | D:6      | Found a runed door.
  5638 | D:6      | Noticed Crazy Yiuf
  5646 | D:6      | Killed Crazy Yiuf
  5899 | D:7      | Found a staircase to the Ecumenical Temple.
  6043 | D:7      | Identified the +7 hand axe of the Rat {freeze, rPois Int+4 Dex+4} (You took it off an orc on level 6 of the Dungeon)
  6045 | Temple   | Entered the Ecumenical Temple
  6171 | Temple   | Became a worshipper of Cheibriados the Contemplative
  6171 | Temple   | Reached * piety under Cheibriados
  6171 | Temple   | Reached ** piety under Cheibriados
  6718 | D:8      | Found Ihil's Weapon Boutique.
  6737 | D:8      | Reached skill level 7 in Stealth
  7019 | D:8      | Noticed a two-headed ogre
  7020 | D:8      | Found a bloodstained altar of Trog.
  7129 | D:8      | Reached *** piety under Cheibriados
  7327 | D:8      | Reached XP level 10. HP: 66/68 MP: 9/9
  7464 | D:9      | Reached skill level 8 in Stealth
  7712 | D:9      | Noticed Herrn's ghost (novice NaWz)
  7772 | D:9      | HP: 1/69 [Herrn's ghost (10)]
  7777 | D:9      | Killed Herrn's ghost
  7869 | D:9      | Reached skill level 9 in Stealth
  8224 | D:9      | Lost mutation: You occasionally shout uncontrollably at your foes. [evolution]
  8229 | D:9      | Identified a scroll of acquirement
  8416 | D:10     | Entered Level 10 of the Dungeon
  8416 | D:10     | Found a staircase to the Orcish Mines.
  8502 | D:10     | Reached skill level 10 in Unarmed Combat
  8564 | D:10     | Found a staircase to the Lair.
  8627 | D:10     | Reached skill level 1 in Invocations
  8995 | D:10     | Reached **** piety under Cheibriados
  9016 | D:10     | Noticed a wolf spider
  9029 | D:10     | Killed a wolf spider
  9029 | D:10     | Reached XP level 11. HP: 31/75 MP: 9/11
  9152 | D:10     | Noticed a centaur warrior
  9250 | Lair:1   | Entered Level 1 of the Lair of Beasts
  9250 | Lair:1   | Noticed an eight-headed hydra
  9362 | D:11     | Identified a +0 rod of shadows (11/11) (You found it on level 11 of the Dungeon)
  9439 | D:11     | Noticed Fannar
  9463 | D:11     | Killed Fannar
  9691 | D:11     | Noticed a purple ugly thing
  9715 | D:11     | Killed a purple ugly thing
  9884 | D:11     | Noticed a deep elf mage
  9893 | D:11     | Killed a deep elf mage
 10067 | D:11     | Found Zanli's Distillery.
 10170 | D:11     | Reached skill level 5 in Invocations
 10830 | Lair:1   | Killed an eight-headed hydra
 11002 | Lair:1   | Reached ***** piety under Cheibriados
 11138 | Lair:1   | Noticed KuKumber's ghost (novice OgBe)
 11164 | Lair:1   | Killed KuKumber's ghost
 11164 | Lair:1   | Reached skill level 10 in Stealth
 11444 | Lair:1   | Reached skill level 11 in Stealth
 11903 | Lair:1   | Reached XP level 12. HP: 84/84 MP: 15/15
 12113 | Lair:2   | Noticed Erica
 12370 | Lair:2   | Noticed a five-headed hydra
 12390 | Lair:2   | Slain by a five-headed hydra

Vault maps used:
D:1:      dpeg_arrival_rooms_with_view
D:2:      first_bread, uniq_natasha
D:3:      eino_curves_03, uniq_sigmund
D:4:      serial_shops, kennysheep_mini_moat
D:5:      nicolae_overflow_hidden_temple, serial_shops,
          nicolae_shop_behind_doors
D:6:      uniq_crazy_yiuf_cottage
D:7:      lemuel_ice_spiral_2
D:8:      bloody_trog, serial_shops, shop, blue_anna_alchemist
D:10:     minmay_sliced_demisemicircle, due_lair_maze_entry_diamond, orc_0_dummy
D:11:     serial_shops, kennysheep_mini, uniq_fannar
Temple:   regret_index_temple_chain_breaker
Lair:2:   uniq_erica

Skill      XL: |  1  2  3  4  5  6  7  8  9 10 11 12 |
---------------+-------------------------------------+-----
Stealth        | 3 4 5 6 7 9 11 | 11.9
Unarmed Combat | 4 5 6 8 10 | 10.0
Fighting       | 4 5 6 7 8 9 |  9.0
Dodging        | 4 5 6 7 8 |  8.9
Shields        | 1 6 7 |  7.0
Invocations    | 2 7 8 |  8.2

Action                   |  1- 3 |  4- 6 |  7- 9 | 10-12 || total
-------------------------+-------+-------+-------+-------++-------
Melee: Unarmed           |    76 |    77 |   358 |   400 ||   911
       Constrict         |    21 |    20 |    74 |    68 ||   183
       Tentacles         |     8 |    19 |    73 |   153 ||   253
       Punch             |     1 |     4 |    29 |    75 ||   109
Throw: Stone             |       |       |       |    32 ||    32
Evoke: Wand              |       |       |       |     3 ||     3
       Rod               |       |       |       |    10 ||    10
  Use: Scroll            |     6 |     3 |     7 |    10 ||    26
       Potion            |     1 |     5 |     7 |    11 ||    24
 Stab: Sleeping          |    18 |     8 |    15 |    27 ||    68
       Distracted        |     1 |     2 |     1 |     5 ||     9
       Invisible         |       |     1 |     3 |       ||     4
  Eat: Chunk             |     1 |     5 |    12 |    13 ||    31
       Fruit             |       |     1 |       |       ||     1
       Meat ration       |       |       |     1 |       ||     1
Armor: Skin              |     7 |     2 |    18 |    12 ||    39
Dodge: Dodged            |    28 |    22 |   163 |   227 ||   440
Block: Buckler           |       |       |    69 |   135 ||   204
